 Dungeon Crawl Stone Soup version 0.24.0-13-gcf9b319 (webtiles) character file.

Game seed: 6023038489975065196, levelgen mode: deterministic

1395 Fang the Covered (level 8, -2/52 HPs)
             Began as a Gargoyle Fighter on Dec 16, 2019.
             Was an Initiate of Trog.
             Slain by an ogre
             ... wielding a +0 giant club
              (9 damage)
             ... on level 7 of the Dungeon.
             The game lasted 00:09:13 (5574 turns).

Fang the Covered (Gargoyle Fighter)                 Turns: 5574, Time: 00:09:14

Health: -2/52      AC: 16    Str: 22    XL:     8   Next: 68%
Magic:  8/8        EV:  6    Int:  9    God:    Trog [......]
Gold:   246        SH: 12    Dex: 11    Spells: 7/7 levels left

rFire    + . .     SeeInvis .   a - +4 war axe
rCold    . . .     Gourm    .   B - +2 shield
rNeg     + . .     Faith    .   b - +1 chain mail {rF+}
rPois    ∞         Spirit   .   (no helmet)
rElec    +         Reflect  .   v - scarf {repulsion}
rCorr    .         Harm     .   (no gloves)
MR       .....                  (no boots)
Stlth    ..........             r - amulet of rage
HPRegen  0.17/turn              o - +2 ring of dexterity
MPRegen  0.11/turn              (no ring)

@: repel missiles
A: negative energy resistance 1, electricity resistance, unbreathing,
petrification resistance, rot immunity, AC +5
a: Renounce Religion, Evoke Berserk Rage


You were on level 7 of the Dungeon.
You worshipped Trog.
Trog was noncommittal.
You were not hungry.

You visited 2 branches of the dungeon, and saw 8 of its levels.

You collected 246 gold pieces.

Inventory:

Hand Weapons
 a - a +4 war axe (weapon)
Armour
 b - a +1 chain mail of fire resistance (worn)
 v - a scarf of repulsion (worn)
 B - a +2 shield (worn)
Jewellery
 o - a +2 ring of dexterity (left hand)
 r - an amulet of rage (around neck)
Wands
 f - a wand of random effects (17)
Scrolls
 e - 2 scrolls of fear
 j - 2 scrolls of teleportation
 k - 2 scrolls of identify
Potions
 d - 3 potions of might
 g - 2 potions of ambrosia
 h - 2 potions of flight
 i - 2 potions of invisibility
 l - 2 potions of cancellation
 n - a potion of berserk rage {unknown}
 u - 2 potions of heal wounds
 w - a potion of resistance
Comestibles
 c - 11 rations
 m - 2 chunks of flesh


   Skills:
 + Level 6.5 Fighting
 + Level 5.0 Axes
 + Level 6.5 Armour
 + Level 6.5 Shields


You had 7 spell levels left.
You didn't know any spells.
Your spell library contained the following spells:

 Spells                   Type           Power        Failure   Level  Hunger
 Summon Small Mammal      Summ           #...         100%        1    ##.....
 Call Imp                 Summ           #.......     100%        2    ###....
 Call Canine Familiar     Summ           #.......     100%        3    ####...
 Summon Guardian Golem    Hex/Summ       #.......     100%        3    ####...
 Summon Ice Beast         Ice/Summ       #.......     100%        4    #####..
 Summon Lightning Spire   Summ/Air       #.......     100%        4    #####..


Dungeon Overview and Level Annotations

Branches:
Dungeon (7/15)             Temple (1/1) D:4

Altars:
Ashenzari
Cheibriados
Dithmenos
Elyvilon
Fedhas
Gozag
Hepliaklqana
Makhleb
Okawaru
Qazlal
Ru
Sif Muna
Trog
Uskayaw
Vehumet
Xom
Yredelemnul
Zin
The Shining One


Innate Abilities, Weirdness & Mutations

You are resistant to torment.
Your stone body is resilient. (AC +5)
You are immune to poison.
You resist negative energy. (rN+)
You are resistant to electric shocks. (rElec)
You can survive without breathing.
You are immune to petrification.
You are immune to rotting.


Message History

You are too injured to fight recklessly!
Okay, then.
You hit the ogre.
The ogre is lightly wounded.
You block the ogre's attack.
You slash the ogre!
The ogre is severely wounded.
You block the ogre's attack.
You hit the ogre.
The ogre is almost dead.
The ogre hits you with a +0 giant club!
* * * LOW HITPOINT WARNING * * *
The scorpion stings you.
* * * LOW HITPOINT WARNING * * *
You hit the ogre.
The ogre is almost dead.
You slash the scorpion! You block the scorpion's attack.
The steam dragon breathes steam at you.
The ball of steam is repelled.
The ogre hits you with a +0 giant club!
You die...

. ### ### #
##..#.O##..##...
......s@........
......D.<.......
................
................
................
#..#####+####...
#.. .. .. .


You could see a steam dragon, an ogre and a scorpion.

Vanquished Creatures
  A steam dragon (D:5)
  3 ogres
  A phantom (D:5)
  A centaur (D:6)
  A scorpion (D:5)
  The ghost of Vahrane the Ruffian, a weakling DrTm (D:3)
  3 crimson imps
  A bullfrog zombie (D:6)
  A centaur zombie (D:6)
  A bullfrog skeleton (D:4)
  An orc priest (D:4)
  3 hounds
  3 orc wizards
  Jessica (D:2)
  Ijyb (D:2)
  Terence (D:2)
  Natasha (thrice) (D:4)
  A hound skeleton (D:4)
  4 adders
  2 shadow imps
  3 oozes
  3 worms
  7 dart slugs
  7 leopard geckos
  10 orcs
  2 ball pythons (D:1)
  9 bats
  4 giant cockroaches
  15 goblins
  6 hobgoblins
  7 jackals (D:1)
  7 kobolds
  2 quokkas (D:5)
  7 frilled lizards
  A jackal zombie (D:5)
  9 rats
  2 fungi (D:5)
135 creatures vanquished.

Notes
Turn   | Place    | Note
-------+----------+-------------------------------------------
     0 | D:1      | Fang the Gargoyle Fighter began the quest for the Orb.
     0 | D:1      | Reached XP level 1. HP: 14/14 MP: 1/1
   104 | D:1      | Reached XP level 2. HP: 19/19 MP: 2/2
   300 | D:1      | Reached XP level 3. HP: 21/24 MP: 3/3
   708 | D:2      | Noticed Ijyb
   715 | D:2      | Reached XP level 4. HP: 29/29 MP: 4/4
   731 | D:2      | Killed Ijyb
   986 | D:2      | Found a blossoming altar of Fedhas.
  1028 | D:2      | Found a burning altar of Makhleb.
  1095 | D:2      | Reached XP level 5. HP: 33/33 MP: 5/5
  1223 | D:2      | Noticed Terence
  1239 | D:2      | Killed Terence
  1268 | D:2      | Found a shimmering altar of Xom.
  1385 | D:2      | Noticed Jessica
  1392 | D:2      | Killed Jessica
  1464 | D:3      | Found a snail-covered altar of Cheibriados.
  1464 | D:3      | Found a radiant altar of Vehumet.
  1942 | D:3      | Found a shattered altar of Ashenzari.
  2071 | D:3      | Found a glowing silver altar of Zin.
  2071 | D:3      | Noticed an angel
  2280 | D:3      | Found a runed translucent door.
  2282 | D:3      | Noticed Vahrane's ghost (weakling DrTm)
  2302 | D:3      | Killed Vahrane's ghost
  2302 | D:3      | Reached XP level 6. HP: 39/39 MP: 6/6
  2690 | D:4      | Found a glowing golden altar of the Shining One.
  2929 | D:4      | Noticed Natasha
  2942 | D:4      | Killed Natasha
  2946 | D:4      | Noticed Natasha
  2952 | D:4      | Killed Natasha
  2952 | D:4      | Reached skill level 5 in Fighting
  2952 | D:4      | Reached skill level 5 in Shields
  2954 | D:4      | Found a staircase to the Ecumenical Temple.
  2970 | D:4      | Noticed Natasha
  2974 | Temple   | Entered the Ecumenical Temple
  3042 | Temple   | Became a worshipper of Trog the Wrathful
  3061 | D:4      | Killed Natasha
  3061 | D:4      | Reached skill level 5 in Armour
  3061 | D:4      | Reached XP level 7. HP: 44/44 MP: 7/7
  3283 | D:5      | Entered Level 5 of the Dungeon
  3289 | D:5      | Found a snail-covered altar of Cheibriados.
  3555 | D:5      | Found a shattered altar of Ashenzari.
  3593 | D:5      | Noticed a steam dragon
  3594 | D:5      | Noticed a steam dragon
  3604 | D:5      | Killed a steam dragon
  3831 | D:5      | Found a shadowy altar of Dithmenos.
  3842 | D:5      | Reached XP level 8. HP: 22/51 MP: 8/8
  5454 | D:6      | Reached skill level 5 in Axes
  5574 | D:7      | Slain by an ogre

Levels and vault maps discovered:
D:1:      minmay_arrival_doors, layout_loops_ring
D:2:      kennysheep_the_goblin_king, layout_basic, fedhas_altar_4,
          overflow_temple_1_default, nicolae_overflow_hidden_temple,
          kennysheep_generic_room_11, uniq_jessica, uniq_terence
D:3:      layout_basic, grunt_temple_overflow_open, zin_angel,
          ebering_ghost_sewer_d, ashenzari_altar_1
D:4:      layout_loops_cross, tso_metal_star, minmay_temple_entry_waves,
          hangedman_decor_peaks_small, uniq_natasha
D:5:      kennysheep_steamy, layout_basic, nicolae_dithmenos_the_darkroom,
          lemuel_coloured_pillars_altar, first_ration, kennysheep_slug_shrine
D:6:      layout_rooms, minmay_misc_feat_chi
D:7:      layout_gridville
Temple:   zaba_magenta_temple

Skill      XL: |  1  2  3  4  5  6  7  8 |
---------------+-------------------------+-----
Axes           | 2 3 4 5 |  5.0
Fighting       | 4 5 6 |  6.5
Armour         | 4 5 6 |  6.5
Shields        | 4 5 6 |  6.5

Action                   |  1- 3 |  4- 6 |  7- 9 || total
-------------------------+-------+-------+-------++-------
Melee: War axe           |   112 |   262 |   140 ||   514
 Abil: Evoke Berserk Rag |       |     1 |       ||     1
  Use: Scroll            |       |    14 |     5 ||    19
  Eat: Chunk             |       |     5 |     5 ||    10
       Ration            |       |     1 |     1 ||     2
Armor: Scale mail        |    71 |    55 |       ||   126
       Chain mail        |       |   111 |    63 ||   174
Dodge: Dodged            |    36 |    68 |    25 ||   129
       Deflected         |       |       |     5 ||     5
Block: Shield            |    58 |   196 |    96 ||   350
